 Dungeon Crawl Stone Soup version 0.14-a0-987-gc8002fa (webtiles) character file.

310 Inkie the Spear-Bearer (level 5, -3/38 HPs)
             Began as a Merfolk Skald on Nov 21, 2013.
             Slain by Grinder (6 damage)
             ... on Level 3 of the Dungeon.
             The game lasted 00:09:31 (3456 turns).

Inkie the Spear-Bearer (Merfolk Skald)              Turns: 3456, Time: 00:09:32

HP  -3/38        AC  3     Str 12      XL: 5   Next: 44%
MP   5/9         EV 10     Int 13      God:
Gold 147         SH  0     Dex 13      Spells:  1 memorised,  7 levels left

Res.Fire  : . . .   See Invis. : .   p - +0 orc spear
Res.Cold  : . . .   Warding    : .   b - +0 leather armour
Life Prot.: . . .   Conserve   : .   (no shield)
Res.Poison: .       Res.Corr.  : .   (no helmet)
Res.Elec. : .       Clarity    : .   (no cloak)
Sust.Abil.: . .     Spirit.Shd : .   (no gloves)
Res.Mut.  : .       Stasis     : .   (no boots)
Res.Rott. : .       Flight     : .   (no amulet)
Saprovore : . . .                    (no ring)
                                     e - ring of teleport control

@: slightly resistant to hostile enchantments, very unstealthy
A: change form in water, swift swim
a: Evoke Teleport Control


You were on level 3 of the Dungeon.
You were not hungry.

You visited 1 branch of the dungeon, and saw 3 of its levels.

You collected 147 gold pieces.

Inventory:

Hand weapons
 p - a +0,+0 orcish spear (weapon)
Armour
 b - a +0 leather armour (worn)
Magical devices
 a - a wand of digging (11) {unknown}
Comestibles
 j - a slice of pizza
 q - an apple
 r - a rotting chunk of orc flesh
Scrolls
 d - a scroll of enchant weapon I {unknown}
 f - 2 scrolls of remove curse {unknown}
 g - a scroll of blinking {unknown}
 h - a scroll of fog {unknown}
 i - 2 scrolls of teleportation {unknown}
 k - a scroll of magic mapping {unknown}
 l - 2 scrolls of identify {unknown}
 m - a scroll of curse weapon {unknown}
 n - a scroll of fear {unknown}
 o - a scroll of curse jewellery {unknown}
Jewellery
 e - a ring of teleport control (left hand)
Books
 c - a book of Battle

   Spells                             Type                      Level
   *Infusion                          Charms                       1
   Shroud of Golubria                 Charms/Translocation         2
   Song of Slaying                    Charms                       2
   Spectral Weapon                    Hexes/Charms                 3
   Regeneration                       Charms/Necromancy            3


   Skills:
 - Level 2.1 Fighting
 + Level 8.0 Polearms
 - Level 0.6 Armour
 - Level 1.3 Dodging
 - Level 2.0 Spellcasting
 - Level 3.2 Charms


You had 7 spell levels left.
You knew the following spells:

 Your Spells              Type           Power        Failure   Level  Hunger
a - Infusion              Chrm           #.....       10%         1    ##.....


Dungeon Overview and Level Annotations

Branches:
Dungeon (3/16)

Altars:
Kikubaaqudgha

Annotations:
D:3 Grinder


Message History

Grinder is lightly wounded.
Grinder gestures at you. Pain shoots through your body!
You hit Grinder.
Grinder is moderately wounded.
You barely miss Grinder.
Grinder is moderately wounded.
Grinder hits you!
* * * LOW HITPOINT WARNING * * *
You writhe in agony.
* * * LOW HITPOINT WARNING * * *
You are too injured to fight recklessly!
You are too injured to fight recklessly!
Attack whom?
Press: ? - help, Dir - move target cursor, f/p - Grinder
Aim: Grinder (moderately wounded)
You hit Grinder.
Grinder is moderately wounded.
Grinder hits you.
You die...

. #..# #.. #..# ##..
##.<. ... ##.... #..
#..... #.( #. #...{. #..
######...#...o.
#..###.5###...?..........
......?.@...# #...###...
.......###..# #........
##### #..# #.#####.# #..#
#.# ###.# #..#####.#
#.... #........# #.#.#
##.#####.# #.... #.# #.#
#.#.# #.#####.###.#.#


You could see Grinder.

Vanquished Creatures
  Jessica (D:2)
  6 adders
  2 worms (D:2)
  3 orcs
  2 ball pythons (D:2)
  8 bats
  10 goblins
  12 hobgoblins
  4 jackals (D:3)
  9 kobolds
  2 oozes
  5 giant cockroaches
  4 giant newts
  12 rats
80 creatures vanquished.

Notes
Turn   | Place    | Note
--------------------------------------------------------------
     0 | D:1      | Inkie, the Merfolk Skald, began the quest for the Orb.
     0 | D:1      | Reached XP level 1. HP: 15/15 MP: 3/3
   306 | D:1      | Reached skill level 4 in Polearms
   306 | D:1      | Reached XP level 2. HP: 21/21 MP: 5/5
   845 | D:1      | Reached skill level 5 in Polearms
   845 | D:1      | Reached XP level 3. HP: 24/26 MP: 6/6
  1405 | D:2      | Reached skill level 6 in Polearms
  1405 | D:2      | Reached XP level 4. HP: 16/33 MP: 2/8
  1484 | D:2      | HP: 1/33 [poisoned by an adder]
  1501 | D:2      | HP: 1/33 [poisoned by an adder]
  2492 | D:2      | Noticed Jessica
  2503 | D:2      | Killed Jessica
  2503 | D:2      | Reached skill level 7 in Polearms
  2521 | D:2      | Found an ancient bone altar of Kikubaaqudgha.
  2580 | D:2      | Reached XP level 5. HP: 28/38 MP: 9/9
  3422 | D:3      | Reached skill level 8 in Polearms
  3447 | D:3      | Noticed Grinder
  3456 | D:3      | Slain by Grinder

Action                   |  1- 3 |  4- 6 || total
-------------------------+-------+-------++-------
Melee: Spear             |   171 |   230 ||   401
 Cast: Infusion          |     2 |     3 ||     5
  Use: Potion            |     2 |     1 ||     3
 Stab: Sleeping          |     2 |       ||     2
